 Dungeon Crawl Stone Soup version 0.22-a0-322-g60b3cfd (console) character file.

150401 Barfbag the Phalangite (level 17, -1/151 HPs)
             Began as a Merfolk Gladiator on Apr 3, 2018.
             Was a Priest of Fedhas.
             Slain by Donald
             ... wielding a +0 broad axe
              (24 damage)
             ... on level 2 of the Spider Nest on Apr 4, 2018.
             The game lasted 01:22:06 (28562 turns).

Barfbag the Phalangite (Merfolk Gladiator)         Turns: 28562, Time: 01:22:07

Health: -1/151     AC: 31    Str: 23      XL:     17   Next: 23%
Magic:  25/25      EV: 16    Int:  7 (8)  God:    Fedhas [***...]
Gold:   1451       SH:  4    Dex: 21      Spells: 16/16 levels left

rFire    + . .     SeeInvis .   a - +7 glaive {speed, rPois Str+3}
rCold    + . .     Gourm    .   (shield currently unavailable)
rNeg     . . .     Faith    .   X - +10 gold dragon scales of the Evening {rPois rF+ rC+ Stlth+}
rPois    +         Spirit   .   c - +2 helmet
rElec    .         Reflect  .   E - +2 cloak
rCorr    .         Harm     .   (no gloves)
MR       +....                  I - +2 pair of boots
Stlth    ..........             T - amulet of rage
HPRegen  0.35/turn              g - +5 ring of evasion
MPRegen  0.19/turn              K - +5 ring of dexterity

@: berserk cooldown, hasted and slowed
A: change form in water, swift swim, stealthy swim, claws 1, large bone plates
1, deterioration 1, sense surroundings 1
}: 1/15 runes: decaying
a: Fungal Bloom, Evolution, Sunlight, Growth, Renounce Religion, Evoke Berserk
Rage


You were on level 2 of the Spider Nest.
You worshipped Fedhas.
Fedhas was most pleased with you.
You were very hungry.

You visited 6 branches of the dungeon, and saw 30 of its levels.

You collected 3857 gold pieces.
You spent 2406 gold pieces at shops.

Inventory:

Hand Weapons
 a - the +7 glaive "Feci Hask" (weapon) {speed, rPois Str+3}
   (You acquired it on level 3 of the Lair of Beasts)

   Attacks with this weapon are significantly faster.
   It affects your strength (+3).
   It protects you from poison.
 b - a +0 trident of flaming
 v - a +0 blowgun
Missiles
 d - 6 throwing nets
 n - 23 tomahawks (quivered)
 u - 45 poisoned needles
Armour
 c - a +2 helmet (worn)
 E - a +2 cloak (worn)
 I - a +2 pair of boots (worn)
 X - the +10 gold dragon scales of the Evening (worn) {rPois rF+ rC+ Stlth+}
   (You bought it in a shop on level 2 of the Orcish Mines)

   It protects you from fire.
   It protects you from cold.
   It protects you from poison.
   It makes you more stealthy.
Jewellery
 g - a +5 ring of evasion (left claw)
 K - a +5 ring of dexterity (right claw)
 N - the ring "Joash" {Wiz rN+ Int+6}
   (You found it on level 2 of the Lair of Beasts)

   [ring of wizardry]

   It improves your spell success rate.
   It affects your intelligence (+6).
   It protects you from negative energy.
 T - an amulet of rage (around neck)
 U - an uncursed ring of resist corrosion
 Y - an uncursed ring of positive energy
Wands
 l - a wand of flame (58)
 r - a wand of clouds (5)
 A - a wand of acid (32)
 B - a wand of disintegration (31)
 M - a wand of iceblast (38)
 W - a wand of digging (20)
Scrolls
 k - a scroll of acquirement
 m - a scroll of enchant weapon {unknown}
 o - 4 scrolls of blinking
 t - 4 scrolls of magic mapping
 y - 8 scrolls of remove curse
 C - 3 scrolls of immolation
 J - 2 scrolls of amnesia
 L - 5 scrolls of teleportation
 P - 2 scrolls of brand weapon
 Q - 4 scrolls of identify
 R - a scroll of fear
 S - 3 scrolls of enchant armour
 V - 2 scrolls of fog
Potions
 e - 3 potions of cancellation
 h - 6 potions of curing
 i - 2 potions of berserk rage
 j - 5 potions of brilliance
 p - 2 potions of mutation
 q - 2 potions of magic
 s - a potion of heal wounds
 x - a potion of flight
 z - 3 potions of ambrosia
 D - 3 potions of agility
 F - 2 potions of lignification
 G - a potion of invisibility
 H - 2 potions of haste
 O - 2 potions of resistance
Comestibles
 f - 27 rations


   Skills:
 - Level 18.6 Fighting
 - Level 21.5 Polearms
 - Level 2.0 Throwing
 + Level 14.2 Dodging
 + Level 11.8 Invocations
 + Level 10.9 Evocations


You had 16 spell levels left.
You didn't know any spells.

Dungeon Overview and Level Annotations

Branches:
Dungeon (15/15)            Temple (1/1) D:6            Lair (6/6) D:10
  Swamp (4/4) Lair:3       Spider (2/4) Lair:4        Slime (0/5) Lair:5
    Orc (2/2) D:11            Elf (0/3) Orc:2        Vaults (0/5) D:13
 Depths (0/5) D:15

Altars:
Ashenzari
Cheibriados
Dithmenos
Elyvilon
Fedhas
Gozag
Hepliaklqana
Makhleb
Nemelex Xobeh
Okawaru
Qazlal
Ru
Sif Muna
Trog
Uskayaw
Vehumet
Wu Jian
Xom
Yredelemnul
Zin
The Shining One
Jiyva

Shops:
D:15 *   Orc:2 *[=(

Portals:
Hell: Lair:6
Trove: D:12 (give 18 potions of curing)

Annotations:
D:4 exclusion: downstairs
D:8 exclusion: downstairs
D:11 Gastronok
D:14 exclusion: downstairs
Lair:1 exclusion: downstairs
Lair:4 exclusion: downstairs
Swamp:3 Bai Suzhen
Spider:2 Donald


Innate Abilities, Weirdness & Mutations

You revert to your normal form in water.
You are very nimble and swift while swimming.
You are very stealthy in the water. (Stealth+)
You have sharp fingernails.
You are partially covered in large bone plates. (SH +4)
Your body sometimes deteriorates upon taking damage.
You passively map a small area around you.


Message History

The tarantella closely misses you. Donald hits you but does no damage.
The tarantella bites you.
* * * LOW HITPOINT WARNING * * *
The tarantella misses you. Donald hits you but does no damage.
You feel much better. The tarantella misses you.
The tarantella bites you but does no damage.
Donald hits you with a broad axe!
* * * LOW HITPOINT WARNING * * *
You block the tarantella's attack. The tarantella bites you.
* * * LOW HITPOINT WARNING * * *
You feel much better.
The tarantella bites you but does no damage.
The tarantella closely misses you.
Donald says, "My uncle had bigger webs in his attic.
I hated that."
Donald hits you with a broad axe!!
* * * LOW HITPOINT WARNING * * *
Unknown command.
Donald hits you with a broad axe!!
You die...
Fedhas appreciates your contribution to the ecosystem.

###*#
#.##.. * .*
* ##...#.
.. #..... *
, .## *.#..
, ** *
#*#..#*
#^#..# *
#....###
#..^#s#f#
#.^.#.##s@#
##. ..#.#@#
# #.##††s#
* ,.§*#..##
,,.......
*.##..#. ,
, * ...#≈#,
* .###*≈ ##
,,,, *


You could see Donald, a jumping spider, 2 tarantellas and a friendly wandering
mushroom.

Vanquished Creatures
  Rupert (Lair:4)
  An orc warlord (Orc:2)
  A stone giant (D:11)
  An entropy weaver (Lair:4)
  Nessos (D:12)
  2 ettins (D:11)
  16 hydras
  A vault guard (D:13)
  2 ice dragons
  2 ghost crabs
  2 death knights
  11 two-headed ogres
  20 alligators
  An ogre mage (D:15)
  A tengu warrior (D:13)
  3 death yaks (Lair:5)
  3 orc high priests (Orc:2)
  A spriggan berserker (Swamp:4)
  A sun demon (Lair:6)
  The ghost of threea the Skirmisher, a novice DsSk of Wu Jian (D:8)
  A spriggan druid (Swamp:4)
  9 swamp dragons
  A wizard (Lair:6)
  5 orc knights
  3 orc sorcerers
  10 ugly things
  An orb spider (Spider:1)
  A cyclops (D:15)
  4 manticores
  4 wolf spiders
  A centaur zombie (D:13)
  5 elephants (Lair:5)
  A black mamba (Lair:4)
  A guardian serpent (shapeshifter) (D:13)
  A smoke demon (Lair:6)
  2 orange demons (Lair:6)
  2 gargoyles
  16 spiny frogs
  8 centaur skeletons
  4 komodo dragons
  An efreet (D:15)
  2 freezing wraiths (D:15)
  8 rime drakes
  2 ice devils (Lair:6)
  A red devil (Lair:6)
  2 demonic crawlers
  3 trolls
  12 tyrant leeches
  5 jumping spiders
  5 polar bears
  8 hornets
  8 bog bodies
  21 blink frogs
  15 slime creatures
  12 wandering mushrooms
  9 spriggans
  14 hippogriffs
  A shadow (Lair:3)
  7 tarantellas
  10 redbacks
  4 wyverns
  A vampire (D:15)
  3 basilisks
  4 hogs (D:7)
  34 yaks
  3 wraiths
  A human (D:7)
  13 swamp worms
  3 hungry ghosts
  18 vampire mosquitoes
  12 insubstantial wisps
  A warg (Orc:1)
  3 acid dragons
  A soldier ant (D:15)
  4 hell hounds
  11 water moccasins
  5 ice beasts
  5 porcupines
  21 orc warriors
  3 sky beasts
  A hornet zombie (D:14)
  2 phantoms
  15 swamp drakes
  An eye of draining (D:9)
  3 wolves (D:8)
  13 ogres
  A necrophage (D:15)
  10 centaurs
  9 crocodiles
  18 bullfrogs
  A gnoll sergeant (D:8)
  A wyvern skeleton (D:10)
  4 scorpions
  6 killer bees
  4 wights (D:11)
  8 howler monkeys
  3 electric eels
  4 crimson imps
  2 jellies
  2 quasits
  14 orc priests
  10 hounds
  4 bullfrog skeletons
  A gnoll shaman (Orc:1)
  4 iguanas
  Terence (D:2)
  23 orc wizards
  10 worker ants
  A bullfrog simulacrum (D:8)
  A hound zombie (D:9)
  A hound skeleton (D:4)
  A worker ant zombie (D:5)
  14 gnolls
  7 adders
  A howler monkey skeleton (D:10)
  2 hound simulacra (D:8)
  7 shadow imps
  2 white imps (D:8)
  A worker ant simulacrum (D:8)
  4 ufetubi (D:8)
  2 oozes
  An adder skeleton (D:4)
  4 worms
  5 dart slugs
  4 leopard geckos
  47 orcs
  10 bats
  6 giant cockroaches
  7 hobgoblins
  9 jackals
  3 kobolds
  4 quokkas
  5 frilled lizards
  3 goblins
  A quokka simulacrum (D:8)
  A quokka skeleton (D:5)
  6 rats
  7 toadstools
790 creatures vanquished.

Vanquished Creatures (collateral kills)
  A fire dragon (D:15)
  6 hydras
  A two-headed ogre (D:15)
  2 death yaks (Lair:5)
  An alligator (Swamp:1)
  3 swamp dragons (Swamp:4)
  2 orc knights (Orc:2)
  2 wolf spiders (Spider:1)
  An orc sorcerer (Orc:2)
  An elephant (Lair:5)
  A centaur zombie (D:12)
  A rime drake (Lair:1)
  2 trolls
  A red devil (Lair:6)
  A hornet (Swamp:4)
  A jumping spider (Spider:1)
  A bog body (Swamp:4)
  4 blink frogs
  2 redbacks
  A spriggan (Swamp:4)
  2 tarantellas (Spider:1)
  8 yaks
  2 vampire mosquitoes
  2 insubstantial wisps
  A water moccasin (Lair:6)
  A hell hound (D:10)
  An ice beast (D:8)
  3 orc warriors
  A black bear (D:11)
  4 swamp drakes
  An ogre (Orc:1)
  A centaur (D:14)
  2 crocodiles (Lair:5)
  A killer bee (D:12)
  A crimson imp (D:12)
  7 orc priests
  4 orc wizards
  A hound (D:9)
  An adder (D:9)
  A shadow imp (D:9)
  An ufetubus (D:8)
  10 orcs
91 creatures vanquished.

Vanquished Creatures (others)
  A thorn hunter (Swamp:4)
  A spriggan berserker (Swamp:4)
  A shambling mangrove (Swamp:1)
  A black mamba (Lair:5)
  2 hornets (Swamp:1)
  A bog body (Swamp:4)
  A vampire mosquito (Swamp:1)
  An insubstantial wisp (Swamp:2)
  A swamp drake (Swamp:2)
  65 wandering mushrooms
  A worker ant zombie (D:6)
  10 fungi
  6 plants
  701 toadstools
793 creatures vanquished.

Grand Total: 1674 creatures vanquished

Notes
Turn   | Place    | Note
-------+----------+-------------------------------------------
     0 | D:1      | Barfbag the Merfolk Gladiator began the quest for the Orb.
     0 | D:1      | Reached XP level 1. HP: 16/16 MP: 1/1
   228 | D:1      | Reached skill level 5 in Polearms
   234 | D:1      | Reached XP level 2. HP: 22/22 MP: 2/2
   705 | D:1      | Reached skill level 6 in Polearms
   705 | D:1      | Reached XP level 3. HP: 27/27 MP: 3/3
  1069 | D:4      | Reached XP level 4. HP: 29/33 MP: 4/4
  1072 | D:4      | Reached skill level 7 in Polearms
  1136 | D:4      | Found a stormy altar of Qazlal.
  1333 | D:3      | Found an iron altar of Okawaru.
  1582 | D:2      | Noticed Terence
  1592 | D:2      | Killed Terence
  1592 | D:2      | Reached skill level 8 in Polearms
  1592 | D:2      | Reached XP level 5. HP: 34/38 MP: 5/5
  2794 | D:4      | Found an ornate altar of the Wu Jian Council.
  2839 | D:5      | Entered Level 5 of the Dungeon
  2908 | D:4      | Reached skill level 9 in Polearms
  3001 | D:4      | Reached XP level 6. HP: 44/44 MP: 6/6
  3058 | D:5      | Noticed an ice beast
  3206 | D:4      | Reached skill level 10 in Polearms
  3374 | D:5      | Found a hide-covered altar of Uskayaw.
  3587 | D:5      | Reached skill level 11 in Polearms
  3587 | D:5      | Reached XP level 7. HP: 50/50 MP: 7/7
  3788 | D:5      | Reached skill level 12 in Polearms
  3841 | D:5      | Found a glowing silver altar of Zin.
  3844 | D:5      | Found a white marble altar of Elyvilon.
  3848 | D:5      | Found a sparkling altar of Nemelex Xobeh.
  4001 | D:5      | Reached skill level 13 in Polearms
  4001 | D:5      | Reached XP level 8. HP: 56/56 MP: 8/8
  4420 | D:6      | Gained mutation: Your body sometimes deteriorates upon taking damage. [potion of mutation]
  4420 | D:6      | Gained mutation: You passively map a small area around you. [potion of mutation]
  4420 | D:6      | Gained mutation: You are partially covered in large bone plates. (SH +4) [potion of mutation]
  4420 | D:6      | Gained mutation: You have sharp fingernails. [potion of mutation]
  4426 | D:6      | Found a staircase to the Ecumenical Temple.
  4435 | Temple   | Entered the Ecumenical Temple
  4496 | Temple   | Became a worshipper of Fedhas Madash
  4695 | D:6      | Reached skill level 14 in Polearms
  4880 | D:6      | Identified a scroll of acquirement
  5191 | D:7      | Reached skill level 15 in Polearms
  5223 | D:7      | Reached XP level 9. HP: 37/61 MP: 9/9
  5381 | D:7      | Reached * piety under Fedhas
  5535 | D:7      | Reached skill level 16 in Polearms
  5555 | D:7      | Reached skill level 17 in Polearms
  5914 | D:8      | Reached skill level 18 in Polearms
  5931 | D:8      | Reached XP level 10. HP: 59/67 MP: 10/10
  5962 | D:8      | Found a blossoming altar of Fedhas.
  6026 | D:8      | Reached skill level 5 in Fighting
  6162 | D:8      | Reached ** piety under Fedhas
  6380 | D:8      | Noticed threea's ghost (novice DsSk)
  6711 | D:10     | Entered Level 10 of the Dungeon
  6791 | D:10     | Found a staircase to the Lair.
  7084 | D:9      | Found a shimmering altar of Xom.
  7722 | D:9      | Noticed a two-headed ogre
  7920 | D:8      | Killed threea's ghost
  8122 | D:9      | Killed a two-headed ogre
  8122 | D:9      | Reached skill level 10 in Fighting
  8122 | D:9      | Reached XP level 11. HP: 91/91 MP: 11/11
  8335 | D:9      | Found an ornate altar of the Wu Jian Council.
  8501 | D:11     | Noticed a two-headed ogre
  8514 | D:11     | Killed a two-headed ogre
  8623 | Lair:1   | Entered Level 1 of the Lair of Beasts
  8711 | Lair:1   | Found a blossoming altar of Fedhas.
  8953 | Lair:1   | Found a frozen archway.
  8980 | Lair:2   | Got a steaming copper ring
  8982 | Lair:2   | Identified the ring "Joash" {Wiz rN+ Int+6} (You found it on level 2 of the Lair of Beasts)
  9384 | Lair:1   | Fell from the grace of Fedhas
  9435 | Lair:1   | Became a worshipper of Fedhas Madash
 10593 | Lair:3   | Got a twisted glaive
 10594 | Lair:3   | Identified the +7 glaive "Feci Hask" {speed, rPois Str+3} (You acquired it on level 3 of the Lair of Beasts)
 10714 | Lair:3   | Reached XP level 12. HP: 106/106 MP: 12/12
 10820 | Lair:4   | Found a sacrificial altar of Ru.
 11067 | Lair:3   | Found a staircase to the Swamp.
 11450 | Lair:4   | Found a hole to the Spider Nest.
 11627 | Lair:4   | Reached skill level 19 in Polearms
 11657 | Lair:5   | Noticed a five-headed hydra
 11828 | Lair:4   | Noticed Rupert
 11883 | Lair:4   | Killed Rupert
 12354 | Lair:4   | Reached skill level 15 in Fighting
 12400 | Lair:6   | Entered Level 6 of the Lair of Beasts
 12651 | Lair:5   | Noticed a death yak
 12652 | Lair:5   | Noticed a death yak
 12656 | Lair:5   | Noticed a death yak
 12657 | Lair:5   | Noticed a death yak
 12669 | Lair:5   | Killed a death yak
 12672 | Lair:5   | Killed a death yak
 12672 | Lair:5   | Reached skill level 20 in Polearms
 12676 | Lair:5   | Killed a death yak
 12676 | Lair:5   | Reached XP level 13. HP: 93/116 MP: 10/13
 12918 | Lair:5   | Found a viscous altar of Jiyva.
 12918 | Lair:5   | Found a staircase to the Slime Pits.
 13518 | Lair:6   | Reached skill level 21 in Polearms
 14471 | Lair:6   | Found a burning altar of Makhleb.
 14497 | Lair:6   | Reached XP level 14. HP: 119/128 MP: 14/14
 14515 | Lair:6   | Found a gateway to Hell.
 15723 | D:10     | Found a burning altar of Makhleb.
 16226 | D:11     | Found a staircase to the Orcish Mines.
 16236 | Orc:1    | Entered Level 1 of the Orcish Mines
 16238 | Orc:1    | Noticed a stone giant
 16285 | D:11     | Found a runed door.
 16570 | D:11     | Noticed Gastronok
 16772 | D:11     | Killed a stone giant
 17077 | Orc:2    | Entered Level 2 of the Orcish Mines
 17113 | Orc:2    | Reached skill level 1 in Invocations
 17113 | Orc:2    | Reached skill level 1 in Evocations
 17153 | Orc:2    | Found a staircase to the Elven Halls.
 17263 | Orc:2    | Reached skill level 5 in Dodging
 18131 | Orc:2    | Noticed an orc warlord
 18156 | Orc:2    | Killed an orc warlord
 18185 | Orc:2    | Paralysed by an orc sorcerer for 2 turns
 18280 | Orc:2    | Reached *** piety under Fedhas
 18533 | Orc:2    | Found Pasy's General Store.
 18534 | Orc:2    | Found Ymink's Jewellery Emporium.
 18535 | Orc:2    | Found Weesoc's Antique Armour Emporium.
 18535 | Orc:2    | Found Inketop's Antique Weapon Shoppe.
 18541 | Orc:2    | Bought a scroll of identify for 26 gold pieces
 18553 | Orc:2    | Bought faintly humming gold dragon scales for 2380 gold pieces
 18563 | Orc:2    | Identified the +10 gold dragon scales of the Evening {rPois rF+ rC+ Stlth+} (You bought it in a shop on level 2 of the Orcish Mines)
 19124 | D:12     | Found a portal to a secret trove of treasure.
 19159 | D:12     | Noticed Nessos
 19172 | D:12     | Killed Nessos
 19611 | D:13     | Reached skill level 5 in Invocations
 19633 | D:13     | Reached XP level 15. HP: 128/137 MP: 18/18
 19814 | D:13     | Reached skill level 5 in Evocations
 19870 | D:13     | Found a gate to the Vaults.
 20296 | D:15     | Entered Level 15 of the Dungeon
 20626 | D:14     | Found a shimmering altar of Xom.
 21108 | D:15     | Reached **** piety under Fedhas
 21307 | D:15     | Found a staircase to the Depths.
 21884 | D:15     | Reached skill level 10 in Dodging
 22271 | D:15     | Found Tuazxon's General Store.
 22763 | Swamp:1  | Entered Level 1 of the Swamp
 24126 | Swamp:1  | Reached XP level 16. HP: 129/145 MP: 22/22
 25467 | Swamp:2  | Reached skill level 10 in Invocations
 26000 | Swamp:4  | Entered Level 4 of the Swamp
 26280 | Swamp:4  | Killed a thorn hunter
 26484 | Swamp:4  | Reached skill level 10 in Evocations
 26828 | Swamp:4  | Got a decaying rune of Zot
 27238 | Swamp:4  | Reached XP level 17. HP: 146/151 MP: 25/25
 27438 | Swamp:3  | Noticed Bai Suzhen
 27844 | Spider:1 | Entered Level 1 of the Spider Nest
 28520 | Spider:2 | Noticed Donald
 28562 | Spider:2 | Slain by Donald

Vault maps used:
D:1:      co_arrival_square_in_a_square_in_a_square, hangedman_decor_push
D:2:      uniq_terence
D:3:      first_ration, minivault_4, hangedman_decor_points,
          okawaru_ov_weapons_minmay
D:4:      marbit_many_paths, lemuel_doored_altar
D:5:      eat_drink_and_be_merry_uskayaw, gammafunk_temple_overflow_forgotten,
          kennysheep_generic_room_6
D:6:      minmay_temple_entry_statues_pillars
D:7:      grunt_livestock
D:8:      basic_altar, serial_ice, serial_ice_i, serial_ice_f, serial_ice_d,
          serial_ice_o, serial_ice_b, serial_ice_a, serial_ice_h
D:9:      xom_teletrap_fun, basic_altar
D:10:     minmay_lair_entry_lava, basic_altar
D:11:     orc_0_dummy, minmay_misc_feat_x, minivault_25, minivault_13,
          uniq_gastronok
D:12:     nicolae_trove_entry_crossroad, uniq_nessos
D:13:     david_vaults_5
D:14:     lemuel_tele_altar
D:15:     grunt_enter_depths_hoard, minmay_door_square, serial_shops,
          nicolae_shop_trees
Temple:   regret_index_temple_generic_petals
Lair:1:   wad_woods_04, basic_altar, portal_ice_cave_rime
Lair:2:   grunt_megastairs_3
Lair:3:   swamp_mist, enter_volcano_4, grunt_megastairs_5
Lair:4:   nicolae_spider_entry_non_spiders, basic_altar, minivault_26,
          lemuel_fruit_tree, uniq_rupert
Lair:5:   dpeg_slime_entry_enclosed_altar, grunt_megastairs_1,
          minmay_lair_oklob_chamber
Lair:6:   evil_forest
Swamp:1:  evilmike_swamp_ruin_house_1, swamp_pool3, infiniplex_staircase_pool_2
Swamp:2:  nicolae_swamp_triple_paths
Swamp:3:  nicolae_swamp_very_dense_foliage, uniq_bai_suzhen
Swamp:4:  swamp_basic_johnstein, swamp_pool3
Spider:1: spider_trap, nicolae_spider_shape
Spider:2: guppyfry_spider_mini_3, uniq_donald
Orc:1:    serial_shops, shop
Orc:2:    st_orc_congregation, basic_altar

Skill      XL: |  1  2  3  4  5  6  7  8  9 10 11 12 13 14 15 16 17 |
---------------+----------------------------------------------------+-----
Polearms       | 5 6 8 9 11 13 15 18 20 21 | 21.5
Fighting       | 10 13 15 17 18 | 18.6
Invocations    | 5 8 11 | 11.8
Evocations     | 4 8 10 | 10.9
Dodging        | 7 11 13 14 | 14.2
Throwing       | |  2.0

Action                   |  1- 3 |  4- 6 |  7- 9 | 10-12 | 13-15 | 16-18 || total
-------------------------+-------+-------+-------+-------+-------+-------++-------
Melee: Trident           |    88 |   167 |    59 |    73 |    78 |    57 ||   522
       Halberd           |       |    30 |   240 |   361 |       |       ||   631
       Tailslap          |       |       |     1 |       |     8 |    56 ||    65
       Glaive            |       |       |       |   183 |  1045 |   640 ||  1868
 Fire: Blowgun           |       |     5 |       |       |       |       ||     5
Throw: Throwing net      |     1 |       |       |       |       |       ||     1
       Tomahawk          |       |       |     3 |     2 |       |       ||     5
       Javelin           |       |       |       |       |     2 |       ||     2
Invok: Fungal Bloom      |       |       |    13 |    48 |    89 |    42 ||   192
       Evolution         |       |       |       |    16 |    41 |    24 ||    81
       Renounce Religion |       |       |       |     1 |       |       ||     1
 Abil: Evoke Berserk Rag |       |       |       |       |       |     1 ||     1
Evoke: Wand              |       |       |     1 |     1 |       |       ||     2
  Use: Scroll            |     2 |     8 |     7 |    10 |    10 |     3 ||    40
       Potion            |       |       |     1 |       |       |     4 ||     5
 Stab: Sleeping          |     2 |     1 |       |       |       |       ||     3
       Confused          |       |       |       |     3 |    23 |     4 ||    30
       Distracted        |       |       |       |     2 |    13 |       ||    15
  Eat: Chunk             |       |     8 |     4 |       |       |     2 ||    14
       Ration            |       |       |     1 |     7 |    11 |     3 ||    22
Armor: Leather armour    |    20 |     5 |       |       |       |       ||    25
       Scale mail        |       |    10 |       |       |       |       ||    10
       Ring mail         |       |    14 |    64 |   106 |    74 |       ||   258
       Gold dragon scale |       |       |       |       |   281 |   400 ||   681
Dodge: Dodged            |    79 |   168 |   219 |   268 |   401 |   453 ||  1588
Block: Other             |       |       |    30 |    62 |   121 |    85 ||   298

Table legend:
 A = Spawn XP
 B = Non-spawn XP
 C = Spawn XP percentage of total XP
 D = Spawn monster count
 E = Non-spawn monster count
 F = Spawn count percentage of total count
 G = Total turns spent on level
                    A         B        C        D         E        F      G
               +---------+---------+-------+---------+---------+-------+---------
         Total |       0 |  196288 |   0.0 |       0 |     863 |   0.0 | 28562
               +---------+---------+-------+---------+---------+-------+---------
           D:1 |       0 |      46 |   0.0 |       0 |      19 |   0.0 |   809
           D:2 |       0 |      62 |   0.0 |       0 |      16 |   0.0 |  1043
           D:3 |       0 |      93 |   0.0 |       0 |      20 |   0.0 |   452
           D:4 |       0 |     346 |   0.0 |       0 |      18 |   0.0 |  1171
           D:5 |       0 |     753 |   0.0 |       0 |      14 |   0.0 |   606
           D:6 |       0 |     847 |   0.0 |       0 |      16 |   0.0 |   942
           D:7 |       0 |    1795 |   0.0 |       0 |      19 |   0.0 |   591
           D:8 |       0 |    3461 |   0.0 |       0 |      46 |   0.0 |  1415
           D:9 |       0 |    2266 |   0.0 |       0 |      31 |   0.0 |   916
          D:10 |       0 |    4262 |   0.0 |       0 |      23 |   0.0 |   940
          D:11 |       0 |    8118 |   0.0 |       0 |      33 |   0.0 |   796
          D:12 |       0 |    4925 |   0.0 |       0 |      20 |   0.0 |   781
          D:13 |       0 |    8661 |   0.0 |       0 |      31 |   0.0 |   781
          D:14 |       0 |    3869 |   0.0 |       0 |      19 |   0.0 |   867
          D:15 |       0 |   19587 |   0.0 |       0 |      48 |   0.0 |  1484
        Lair:1 |       0 |    3593 |   0.0 |       0 |      20 |   0.0 |  1223
        Lair:2 |       0 |    2748 |   0.0 |       0 |      13 |   0.0 |   960
        Lair:3 |       0 |    5991 |   0.0 |       0 |      23 |   0.0 |  1839
        Lair:4 |       0 |    9005 |   0.0 |       0 |      30 |   0.0 |  1214
        Lair:5 |       0 |   11654 |   0.0 |       0 |      35 |   0.0 |  1359
        Lair:6 |       0 |   17602 |   0.0 |       0 |      66 |   0.0 |  1619
       Swamp:1 |       0 |   11376 |   0.0 |       0 |      24 |   0.0 |   992
       Swamp:2 |       0 |   18780 |   0.0 |       0 |      56 |   0.0 |  1077
       Swamp:3 |       0 |    6552 |   0.0 |       0 |      15 |   0.0 |   564
       Swamp:4 |       0 |   28857 |   0.0 |       0 |      70 |   0.0 |  1396
      Spider:1 |       0 |    5845 |   0.0 |       0 |      24 |   0.0 |   589
      Spider:2 |       0 |    2210 |   0.0 |       0 |       8 |   0.0 |    82
         Orc:1 |       0 |    2670 |   0.0 |       0 |      35 |   0.0 |   950
         Orc:2 |       0 |   10314 |   0.0 |       0 |      71 |   0.0 |   891
               +---------+---------+-------+---------+---------+-------+---------
